 Dungeon Crawl Stone Soup version 0.28-a0-631-g0446da8ef9 (webtiles) character file.

Game seed: 10788875681944198641

43878 lawman0 the Severer (level 13, -8/112 HPs)
             Began as a Palentonga Berserker on Oct 9, 2021.
             Was a High Priest of Trog.
             Mangled by a death yak (53 damage)
             ... on level 6 of the Lair of Beasts.
             The game lasted 00:36:39 (17101 turns).

lawman0 the Severer (Palentonga Berserker)         Turns: 17101, Time: 00:36:39

Health: -8/112     AC: 24    Str: 25    XL:     13   Next: 93%
Magic:  13/13      EV:  6    Int:  4    God:    Trog [*****.]
Gold:   1182       SH:  0    Dex: 10    Spells: 12/12 levels left

rFire   + . .      SeeInvis +   a - +2 battleaxe
rCold   . . .      Faith    .   (shield currently unavailable)
rNeg    . . .      Spirit   .   r - +1 plate armour {rF+}
rPois   +          Reflect  +   d - +2 helmet
rElec   +          Harm     .   F - scarf {repulsion}
rCorr   .          Rampage  .   n - +0 pair of gloves of Asesaxt {rElec Regen+ Int-4}
Will    .....                   (no barding)
Stlth   ..........              z - amulet of reflection
HPRegen 1.28/turn               p - +4 ring of slaying
MPRegen 0.13/turn               E - ring of poison resistance

@: sleeping, studying Evocations, repel missiles, curled up
A: large, rugged brown scales 3, see invisible, deformed body, roll 1, armoured
tail, reflexive curl
a: Rolling Charge, Renounce Religion, Berserk, Trog's Hand, Brothers in Arms


You were on level 6 of the Lair of Beasts.
You worshipped Trog.
Trog was extremely pleased with you.
You visited 2 branches of the dungeon, and saw 15 of its levels.
You also visited: Volcano.

You collected 1182 gold pieces.

Inventory:

Hand Weapons
 a - a +2 battleaxe (weapon)
 b - a +6 arbalest of flaming
 q - a +2 lajatang of flaming
 u - a +2 triple sword of flaming
Missiles
 e - 116 bolts
 x - 29 poisoned darts (quivered)
 D - 3 throwing nets
 G - 2 silver boomerangs
Armour
 d - a +2 helmet (worn)
 n - the +0 pair of gloves of Asesaxt (worn) {rElec Regen+ Int-4}
   (You acquired it on level 4 of the Lair of Beasts)

   Int:       It affects your intelligence (-4).
   rElec:     It insulates you from electricity.
   Regen:     It increases your rate of health regeneration.
 r - a +1 plate armour of fire resistance (worn)
 F - a scarf of repulsion (worn)
 N - a +2 cloak
Jewellery
 j - a ring of resist corrosion
 m - the ring "Jeplew" {MP+9 SInv}
   (You found it on level 1 of the Lair of Beasts)

   [ring of magical power]

   MP:        It affects your magic capacity (+9).
   SInv:      It lets you see invisible.
 p - a +4 ring of slaying (left hand)
 w - a +6 ring of dexterity
 z - an amulet of reflection (around neck)
 B - a +4 ring of slaying
 C - a +4 ring of evasion
 E - a ring of poison resistance (right hand)
 H - a ring of protection from cold
Wands
 A - a wand of iceblast (12)
 R - a wand of polymorph (18)
Scrolls
 f - 7 scrolls of enchant armour
 g - 4 scrolls of teleportation
 h - a scroll of holy word
 k - a scroll of blinking
 o - 3 scrolls of immolation
 P - a scroll of fear
Potions
 c - a potion of attraction
 i - 2 potions of resistance
 l - 3 potions of lignification
 s - a potion of curing
 t - a potion of experience {unknown}
 v - 2 potions of mutation
 y - 5 potions of haste
 I - a potion of cancellation
 J - 5 potions of flight
 K - a potion of ambrosia {unknown}
 Q - 2 potions of might
 W - 2 potions of brilliance {unknown}
Miscellaneous
 L - a condenser vane (inert)
 V - a lightning rod (4/4)


   Skills:
 * Level 10.8 Fighting
 + Level 17.9 Axes
 + Level 4.4 Crossbows
 + Level 1.0 Throwing
 + Level 8.2 Armour
 + Level 2.7 Dodging
 + Level 3.8 Shields
 + Level 4.3 Evocations


You had 12 spell levels left.
You didn't know any spells.
Your spell library was empty.

Dungeon Overview and Level Annotations

Branches:
Dungeon (9/15)             Temple (0/1) D:7            Lair (6/6) D:9
 Shoals (0/4) Lair:4       Spider (0/4) Lair:2        Slime (0/5) Lair:6
    Orc (0/2) D:9         Volcano (visited)

Altars:
Dithmenos
Elyvilon
Gozag
Hepliaklqana
Nemelex Xobeh
Okawaru
Uskayaw
Vehumet
Wu Jian
Xom
Zin
The Shining One

Shops:
D:6 :


Innate Abilities, Weirdness & Mutations

You are completely covered in rugged brown scales. (AC +3, +7% HP)
You have supernaturally acute eyesight. (SInv)
Armour fits poorly on your strangely shaped body.
You can roll at nearby foes to attack.
You have a long armoured tail.
You curl defensively after being hit.


Message History

The death yak gores you but does no damage. x2
The catoblepas gores you! The yak gores you! The death yak gores you. x2
The catoblepas breathes a plume of calcifying dust at you.
The blast of calcifying dust hits you but does no damage.
The blast of calcifying dust hits the yak.
The blast of calcifying dust hits the dream sheep!
You are engulfed in calcifying dust.
Your surroundings seem slightly different.
The yak is engulfed in calcifying dust.
The dream sheep is engulfed in calcifying dust.
The dream sheep is moving more slowly.
The death yak stops moving altogether!
The death yak barely misses you.
The yak is engulfed in calcifying dust.
The yak is moving more slowly.
The yak is engulfed in calcifying dust.
The catoblepas breathes a plume of calcifying dust at you.
The blast of calcifying dust hits you but does no damage.
You are engulfed in calcifying dust.
The death yak gores you but does no damage.
The yak is engulfed in calcifying dust.
The yak is moving more slowly.
The yak is engulfed in calcifying dust.
The catoblepas breathes a plume of calcifying dust at you.
The blast of calcifying dust hits you but does no damage.
You are engulfed in calcifying dust.
The dream sheep stops moving altogether!
The death yak gores you.
The yak is engulfed in calcifying dust.
The yak is moving more slowly.
The catoblepas gores you.
You are engulfed in calcifying dust.
The yak is no longer petrified.
The death yak gores you. The death yak gores you! The catoblepas gores you!
You turn to flesh and can move again.
Unknown command.
Unknown command.
The yak stops moving altogether!
The dream sheep shake their wool and sparkle.
You feel drowsy...
You fall asleep.
The dream sheep is engulfed in calcifying dust.
The dream sheep is moving more slowly.
The yak is engulfed in calcifying dust.
The yak stops moving altogether!
The death yak barely misses you. The death yak gores you!!!
You die...

...#§........#
##.#......(..#
##..†.......#
####...†.<.....# ##
###.###...Y..(..##
.#########.##.##.Y.YY(..##
...P.P..#......P.YYYY....#
.............†..YYYY#...##
#.###..#..##..P#@#Y.#..##
### ###.#.###########...#
##### #..#.## ##...<#
#..#### ####


You could see 3 death yaks, 4 yaks and 5 dream sheep.

Vanquished Creatures
  Gastronok (Lair:3)
  The ghost of freelancePsychic the Thaumaturge, a journeyman DjNe of Hepliaklqana (Lair:1)
  5 hydras
  A boulder beetle (Lair:3)
  A centaur warrior (Volcano)
  A catoblepas (Lair:5)
  A two-headed ogre (D:8)
  Nergalle (Lair:1)
  A lindwurm (Lair:6)
  A deep elf pyromancer (D:9)
  6 elephants (Lair:3)
  5 black mambas
  2 molten gargoyles (Volcano)
  Maggie (Lair:2)
  A torpor snail (Lair:3)
  8 cane toads
  A gargoyle (D:6)
  4 rime drakes
  7 komodo dragons
  A yaktaur (Volcano)
  A meliai (Lair:2)
  2 hornets
  2 polar bears
  27 blink frogs
  A snapping turtle (Lair:4)
  2 redbacks (Lair:2)
  Sigmund (D:3)
  2 spriggans (Lair:1)
  42 yaks
  2 wyverns
  9 fire bats
  3 basilisks
  A steam dragon (D:8)
  Menkaure (D:4)
  12 water moccasins
  5 swamp worms (Lair:1)
  An ice beast (D:7)
  A black bear (D:6)
  3 orc warriors (D:9)
  6 sky beasts
  7 necrophages
  7 wolves
  3 ogres
  9 centaurs
  A kobold brigand (D:8)
  12 bullfrogs
  A gnoll sergeant (D:9)
  3 scorpions
  A water moccasin skeleton (D:5)
  7 killer bees (D:9)
  The ghost of AttackTheMoon the Poker, a weakling MfMo (D:3)
  5 wights
  3 howler monkeys
  A bullfrog zombie (D:6)
  5 hounds
  6 lava snakes (Volcano)
  2 centaur zombies
  4 orc priests
  2 gnoll shamans
  2 quasits (D:3)
  3 centaur skeletons
  Jessica (D:3)
  2 iguanas
  Ijyb (D:3)
  Terence (D:3)
  7 orc wizards
  12 hell rats (Lair:3)
  A statue (D:7)
  A mummy (D:6)
  Robin (D:3)
  2 howler monkey zombies
  An adder (D:4)
  17 gnolls
  A shadow imp (D:7)
  A worm (D:2)
  A dart slug (D:4)
  37 orcs
  5 endoplasms
  3 giant cockroaches
  11 goblins
  8 hobgoblins
  12 kobolds
  3 quokkas
  6 ball pythons
  4 bats
  3 frilled lizards
  A hobgoblin zombie (D:6)
  2 kobold zombies (D:6)
  An orc zombie (D:6)
  3 rats (D:2)
  9 briar patches (Lair:1)
  A bush (Lair:3)
418 creatures vanquished.

Vanquished Creatures (collateral kills)
  A red draconian (Volcano)
  A hydra (Lair:4)
  A wolf (Lair:4)
3 creatures vanquished.

Vanquished Creatures (others)
  A briar patch (Lair:1)
  34 fungi
  41 plants
76 creatures vanquished.

Grand Total: 497 creatures vanquished

Notes
Turn   | Place    | Note
-------+----------+-------------------------------------------
     0 | D:1      | lawman0 the Palentonga Berserker began the quest for the
                  | Orb.
     0 | D:1      | Reached XP level 1. HP: 19/19 MP: 1/1
   190 | D:1      | Reached XP level 2. HP: 25/25 MP: 2/2
   669 | D:1      | Found a faded altar of an unknown god.
  1008 | D:2      | Reached XP level 3. HP: 29/31 MP: 3/3
  1285 | D:2      | Reached ** piety under Trog
  1535 | D:3      | Noticed Sigmund
  1537 | D:3      | Noticed a scorpion
  1542 | D:3      | Killed Sigmund
  1543 | D:3      | Reached skill level 5 in Axes
  1543 | D:3      | Reached XP level 4. HP: 38/38 MP: 4/4
  1543 | D:3      | Reached XP level 5. HP: 43/43 MP: 5/5
  1551 | D:3      | lol
  1586 | D:3      | Noticed Terence
  1597 | D:3      | Killed Terence
  1598 | D:3      | Reached XP level 6. HP: 41/51 MP: 6/6
  1689 | D:3      | Found a transporter.
  1693 | D:3      | Noticed AttackTheMoon's ghost (weakling MfMo)
  1711 | D:3      | Found a transporter.
  1736 | D:3      | Reached skill level 6 in Axes
  2049 | D:3      | Noticed Ijyb
  2062 | D:3      | Killed Ijyb
  2375 | D:3      | Noticed Jessica
  2379 | D:3      | Killed Jessica
  2382 | D:3      | Gained mutation: You curl defensively after being hit.
                  | [Palentonga growth]
  2382 | D:3      | Reached XP level 7. HP: 54/56 MP: 7/7
  2411 | D:3      | Noticed Robin
  2418 | D:3      | Found a glowing silver altar of Zin.
  2424 | D:3      | Killed Robin
  2710 | D:3      | Reached *** piety under Trog
  2843 | D:3      | Killed AttackTheMoon's ghost
  2846 | D:3      | Reached skill level 7 in Axes
  3078 | D:4      | Noticed Menkaure
  3086 | D:4      | Killed Menkaure
  3807 | D:5      | Entered Level 5 of the Dungeon
  3812 | D:5      | Identified the +0 pair of boots of Vauth {Stlth+}
  3882 | D:5      | Reached skill level 8 in Axes
  3882 | D:5      | Reached XP level 8. HP: 58/64 MP: 8/8
  4046 | D:5      | Reached **** piety under Trog
  4194 | D:5      | Found a glowing golden altar of the Shining One.
  4209 | D:5      | Found a sparkling altar of Nemelex Xobeh.
  4414 | D:6      | Reached skill level 9 in Axes
  4431 | D:6      | Identified the +8 dagger of the Whelk {vorpal, *Rage rElec
                  | Str+8 SInv}
  4517 | D:6      | Found Joomiumu's Book Shop.
  4553 | D:6      | Noticed a gargoyle
  4556 | D:6      | Reached skill level 10 in Axes
  4561 | D:6      | Reached skill level 1 in Shields
  4561 | D:6      | Reached XP level 9. HP: 71/71 MP: 9/9
  4564 | D:6      | Killed a gargoyle
  4565 | D:6      | Reached skill level 5 in Fighting
  5123 | D:6      | Reached skill level 11 in Axes
  5290 | D:7      | Reached ***** piety under Trog
  5505 | D:7      | Found a staircase to the Ecumenical Temple.
  5767 | D:7      | Found an iron altar of Okawaru.
  5862 | D:7      | Found a radiant altar of Vehumet.
  6073 | D:8      | Reached skill level 12 in Axes
  6426 | D:8      | Noticed a two-headed ogre
  6436 | D:8      | Killed a two-headed ogre
  6437 | D:8      | Reached XP level 10. HP: 77/81 MP: 10/10
  6852 | D:8      | Found a shadowy altar of Dithmenos.
  6853 | D:8      | Found a hazy altar of Hepliaklqana.
  7087 | D:9      | Found a staircase to the Lair.
  7271 | D:9      | Found a hide-covered altar of Uskayaw.
  7273 | D:9      | Found a shimmering altar of Xom.
  7276 | D:9      | Found a white marble altar of Elyvilon.
  7482 | D:9      | Found an opulent altar of Gozag.
  7496 | D:9      | Found an ornate altar of the Wu Jian Council.
  7600 | D:9      | Reached skill level 13 in Axes
  7607 | D:9      | Found a staircase to the Orcish Mines.
  7622 | D:9      | Reached skill level 5 in Armour
  7734 | D:9      | Noticed a deep elf pyromancer
  7742 | D:9      | Killed a deep elf pyromancer
  7743 | D:9      | Reached skill level 1 in Evocations
  7971 | Lair:1   | Entered Level 1 of the Lair of Beasts
  7975 | Lair:1   | Noticed a six-headed hydra
  8002 | Lair:1   | Killed a six-headed hydra
  8005 | Lair:1   | Noticed Nergalle
  8016 | Lair:1   | Killed Nergalle
  8017 | Lair:1   | Reached skill level 14 in Axes
  8017 | Lair:1   | Reached XP level 11. HP: 21/87 MP: 11/11
  8552 | Lair:1   | Found a transporter.
  8644 | Lair:1   | Found a transporter.
  9284 | Lair:1   | Found a radiant altar of Vehumet.
  9348 | Lair:1   | Found a runed translucent door.
  9348 | Lair:1   | Noticed freelancePsychic's ghost (journeyman DjNe)
  9349 | Lair:1   | Noticed a spriggan rider
  9349 | Lair:1   | Identified the +9 trident of Zyx Dul {vorpal, Str-4 Dex+6}
  9595 | Lair:1   | Killed freelancePsychic's ghost
  9596 | Lair:1   | Reached skill level 15 in Axes
 10145 | Lair:1   | Identified the +0 pair of boots of Repulsion {rElec Int-2
                  | Dex+2}
 10147 | Lair:1   | Identified the ring "Jeplew" {MP+9 SInv}
 10814 | Lair:2   | Noticed Maggie
 10822 | Lair:2   | Killed Maggie
 11156 | Lair:2   | Found a hole to the Spider Nest.
 11754 | Lair:2   | Reached XP level 12. HP: 53/97 MP: 12/12
 12323 | Lair:3   | Reached skill level 16 in Axes
 13063 | Lair:3   | Received a gift from Trog
 13330 | Lair:3   | Noticed a boulder beetle
 13349 | Lair:3   | Killed a boulder beetle
 13493 | Lair:3   | Reached skill level 17 in Axes
 13502 | Lair:3   | Identified the +10 great sword of Forgiveness {flame, *Slow
                  | rF++ rC+ Str+3}
 13784 | Lair:3   | Noticed Gastronok
 13800 | Lair:3   | Killed Gastronok
 14381 | Lair:3   | Noticed a seven-headed hydra
 14388 | Lair:3   | Killed a seven-headed hydra
 14500 | Lair:4   | Identified 2 scrolls of acquirement
 14500 | Lair:4   | Acquired a manual of Evocations
 14502 | Lair:4   | Acquired the +0 pair of gloves of Asesaxt {rElec Regen+
                  | Int-4}
 14606 | Lair:4   | Found a dark tunnel.
 14615 | Lair:4   | Reached XP level 13. HP: 85/105 MP: 13/13
 14622 | Volcano  | Entered a volcano
 14809 | Volcano  | Found a bloodstained altar of Trog.
 14855 | Volcano  | Noticed a red draconian
 14871 | Volcano  | Killed a red draconian
 14957 | Volcano  | Reached skill level 1 in Throwing
 15417 | Lair:4   | Found a staircase to the Shoals.
 15426 | Lair:4   | Reached skill level 1 in Crossbows
 16175 | Lair:5   | Reached skill level 10 in Fighting
 16260 | Lair:5   | Identified the +0 robe "Gapapog" {Harm rF- rC+ Regen+}
 16756 | Lair:6   | Entered Level 6 of the Lair of Beasts
 16900 | Lair:6   | Found a staircase to the Slime Pits.
 17101 | Lair:6   | Mangled by a death yak

Illustrated notes

### #.. #.######
#.#....# #
###.#@##!##.#.###
#>..)....<.......
#.#.#.#####.#.###
#.#.#... #
.....#### .......
.......##
...!....#
#........#


Turn 1551 on D:3: lol

Levels and vault maps discovered:
D:1:      noname_arrival_rooms_in_the_neighbourhood, layout_basic,
          ebering_ecumenical_altar_mist, serial_rivers,
          chequers_serial_rivers_small_a, chequers_serial_rivers_room_b,
          chequers_serial_rivers_micro_a, chequers_serial_rivers_small_b
D:2:      layout_rooms, mrwooster_statue_mirror
D:3:      layout_basic, amcnicky_altar_gilded, gammafunk_ghost_stat_death,
          uniq_terence, uniq_robin, uniq_jessica, uniq_sigmund, uniq_ijyb
D:4:      layout_basic, uniq_menkaure
D:5:      layout_rooms, mainiacjoe_overflow_surrounded_room, tso_altar
D:6:      layout_loops_cross, serial_shops, shop, minmay_mini_ossuary
D:7:      layout_loops_ring, vehumet_statue, mainiacjoe_overflow_paths,
          minmay_temple_entry_junction, amcnicky_mini_pool_medium
D:8:      layout_cave_pods, riverfiend_overflow_shadow_ancestor,
          chequers_serial_rivers_small_b, st_stairs_9
D:9:      layout_loops_cross, old_standard_altar,
          nicolae_overflow_hidden_temple, lair_entry_dummy, david_orc_3,
          kennysheep_generic_room_15
Lair:1:   gammafunk_worm_tunnel, layout_small_grid, ebering_ghost_funeral_grove,
          lemuel_centaur_altar, uniq_nergalle
Lair:2:   layout_cave_pods, spider_nest_entry_webs, roderic_carrion_pond,
          grunt_megastairs_4, uniq_maggie
Lair:3:   layout_gridlike, uniq_gastronok
Lair:4:   layout_cave_pods, minmay_shoals_entry_hut,
          nicolae_volcano_entry_batcave, grunt_megastairs_3
Lair:5:   layout_gridlike
Lair:6:   wormcave, layout_loops_ring, hangedman_lair_in_review,
          dpeg_slime_entry_corner, kennysheep_basilisk_garden

Skill      XL: |  1  2  3  4  5  6  7  8  9 10 11 12 13 |
---------------+----------------------------------------+-----
Axes           | 5 6 8 10 12 14 15 17 | 17.9
Armour         | 2 3 4 5 6 7 8 |  8.2
Dodging        | 2 |  2.7
Fighting       | 4 5 6 7 8 10 | 10.8
Shields        | 1 2 3 |  3.8
Evocations     | 2 4 |  4.3
Throwing       | 1 |  1.0
Crossbows      | 4 |  4.4

Action                   |  1- 3 |  4- 6 |  7- 9 | 10-12 | 13-15 || total
-------------------------+-------+-------+-------+-------+-------++-------
Melee: Hand axe          |    42 |       |       |       |       ||    42
       War axe           |    41 |    42 |   171 |       |       ||   254
       Tailslap          |     8 |     8 |    27 |    49 |    20 ||   112
       Battleaxe         |       |       |    47 |   354 |   141 ||   542
 Fire: Arbalest          |       |       |       |       |    90 ||    90
Throw: Dart              |       |       |       |    14 |     7 ||    21
Invok: Berserk           |     2 |     2 |    12 |    12 |    10 ||    38
       Trog's Hand       |       |       |       |     7 |     1 ||     8
       Brothers in Arms  |       |       |       |     3 |     2 ||     5
Evoke: Wand              |       |       |     6 |    52 |     1 ||    59
       Lightning rod     |       |       |       |     4 |     4 ||     8
       Condenser vane    |       |       |       |       |     1 ||     1
  Use: Scroll            |       |       |    11 |    13 |     8 ||    32
       Potion            |       |       |       |     9 |     3 ||    12
 Stab: Paralysed         |       |       |       |     7 |       ||     7
Armor: Animal skin       |     8 |       |       |       |       ||     8
       Scale mail        |    41 |     2 |       |       |       ||    43
       Chain mail        |       |    18 |   149 |    17 |       ||   184
       Plate armour      |       |       |       |   140 |   104 ||   244
       Skin              |       |       |       |     1 |       ||     1
Dodge: Dodged            |    27 |    15 |   111 |   119 |    61 ||   333
       Repelled          |       |       |       |     4 |     5 ||     9
Block: Other             |       |       |    48 |    88 |    34 ||   170
       Reflection        |       |       |     2 |     4 |     1 ||     7

Table legend: (Time is in decaauts)
 A = Elapsed time spent in this place.
 B = Non-inter-level travel time spent in this place.
 C = Inter-level travel time spent in this place.
 D = Time resting spent in this place.
 E = Time spent auto-exploring this place.
 F = Levels seen in this place.
 G = Mean time per level.
                   A        B        C        D        E       F      G
               +--------+--------+--------+--------+--------+-----+--------+
         Total |  17448 |  16903 |    545 |   3667 |   9727 |  16 | 1090.5 |
       Dungeon |   8172 |   7777 |    395 |    934 |   5317 |   9 |  908.0 |
          Lair |   8813 |   8664 |    149 |   2655 |   4313 |   6 | 1468.8 |
       Volcano |    462 |    462 |      0 |     77 |     97 |   1 |  462.0 |
               +--------+--------+--------+--------+--------+-----+--------+

Top non-repeatable levels by time:
  Lair:1: 2379 daAuts
  Lair:3: 2318 daAuts
  Lair:2: 1841 daAuts
     D:3: 1415 daAuts
     D:8: 1109 daAuts
  Lair:4: 1061 daAuts
     D:9: 947 daAuts
  Lair:5: 932 daAuts
     D:4: 912 daAuts
     D:6: 831 daAuts
     D:2: 811 daAuts
     D:7: 783 daAuts
     D:1: 766 daAuts
     D:5: 596 daAuts
 Volcano: 462 daAuts
